 Dungeon Crawl Stone Soup version 0.32-a0-411-g744942f433 (webtiles) character file.

Game seed: 4101676729700771492

287 zenocrate the Sneak (level 6, 34/34 HPs)
             Began as a Felid Delver on Feb 20, 2024.
             Quit the game on level 4 of the Dungeon.
             The game lasted 00:02:47 (2512 turns).

zenocrate the Sneak (Felid Delver)                  Turns: 2512, Time: 00:02:47

Health: 34/34      AC:  2    Str: 14    XL:     6   Next: 8%
Magic:  7/7        EV: 19    Int: 20    God:
Gold:   256        SH:  0    Dex: 19    Spells: 5/5 levels left
                                        Lives:  1   Deaths: 1

rFire   . .          .
                       - Unarmed
rCold   . . .        (shield unavailable)
rNeg    . . .        (body armour unavailable)
rPois   .            (helmet unavailable)
rElec   .            (cloak unavailable)
rCorr   .            (gloves unavailable)
SInv    +            (boots unavailable)
Will    .....        (no amulet)
Stlth   ++++         f - +6 ring of strength
HPRegen 0.25/turn    i - +6 ring of intelligence
MPRegen 0.10/turn

%: no passive effects
@: no status effects
A: very small, claws 1, fangs 3, see invisible, shaggy fur 2, stealthy paws, no
weapons or thrown items, no armour, multi-lived
a: no special abilities


You were on level 4 of the Dungeon.
You visited 1 branch of the dungeon, and saw 5 of its levels.

You collected 256 gold pieces.

Inventory:

Jewellery
 f - a +6 ring of strength (left paw)
 i - a +6 ring of intelligence (right paw)
 l - a ring of ice
Talismans
 s - a blade talisman
Wands
 e - a wand of digging (3)
 p - a wand of roots (8)
Scrolls
 a - 2 scrolls of fog
 b - 2 scrolls of revelation
 c - a scroll of enchant weapon {unknown}
 g - 3 scrolls of teleportation
 j - a scroll of poison {unknown}
 m - a scroll of enchant armour {unknown}
 n - 2 scrolls of immolation
 r - a scroll of brand weapon {unknown}
 u - a scroll of noise {unknown}
 v - 3 scrolls of fear
 x - a scroll of silence {unknown}
 y - a scroll of summoning {unknown}
Potions
 d - 2 potions of heal wounds
 h - 2 potions of berserk rage
 k - a potion of cancellation
 o - 5 potions of curing
 q - 2 potions of magic
 t - a potion of attraction
 w - a potion of brilliance
 z - a potion of haste


   Skills:
 * Level 4.7 Fighting
 + Level 4.3 Dodging
 + Level 7.6 Stealth
 + Level 3.2 Unarmed Combat
 + Level 1.1 Shapeshifting


You had 5 spell levels left.
You didn't know any spells.
Your spell library contained the following spells:

 Spells                   Type           Power      Damage    Failure   Level
 Mercury Vapours          Alch/Air       0%         N/A       28%         2
 Mephitic Cloud           Conj/Alch/Air  0%         N/A       50%         3
 Freezing Cloud           Conj/Ice/Air   0%         6-21      99%         5


Dungeon Overview and Level Annotations

Branches:
Dungeon (5/15)
 Temple: D:4-7

Altars:
Uskayaw

Annotations:
D:3 1 runed translucent door, Crazy Yiuf, Sigmund
D:5 Menkaure


Innate Abilities, Weirdness & Mutations

You have sharp claws.
You have razor-sharp teeth.
You have supernaturally acute eyesight. (SInv)
You are covered in thick fur. (AC +2)
Your paws help you pounce on unaware monsters.
You are incapable of wielding weapons or throwing items.
You cannot wear armour.
You gain extra lives every three experience levels.


Message History

The black bear closely misses you. The black bear completely misses you.
The black bear misses you.
You scratch the black bear.
The black bear is severely wounded.
The black bear completely misses you. x2; The black bear closely misses you.
The black bear bites you. The black bear misses you. x2
You scratch the black bear.
The black bear is almost dead.
The black bear misses you. x2; The black bear closely misses you.
You scratch the black bear.
The black bear is almost dead.
The black bear completely misses you. The black bear barely misses you.
The black bear misses you.
You scratch the black bear.
You kill the black bear!
Your Unarmed Combat skill increases to level 3!
Your Shapeshifting skill increases to level 1!
No target in view!
HP restored.
You now have 241 gold pieces (gained 14).
The shop is a mimic!
The shop mimic cackles madly and vanishes in a puff of smoke!
You see here a +0 war axe.
Unknown command.
You now have 246 gold pieces (gained 5).
q - 2 potions of magic (gained 1)
y - a scroll labelled QABUUT FUBE No target in view!
There is a stone staircase leading up here.
You now have 256 gold pieces (gained 10).
A hound comes into view.
A hound is nearby!
A hound is nearby!
Found a book of Winter.
You pounce on the unaware helpless hound!
You eviscerate the hound!!!
You kill the hound!
You have reached level 6!
Your fur grows into a thick mane.
Are you sure you want to abandon this character and quit the game? (Confirm with "yes".)

#...##..........†...#.#
##############......#.####
##........#...
####....##...#.##
#........)..)....
...##.##.###..#.##
#####.##.####....#
#.......<#........
#@####............ #...#
#####.....<.. :...###
#........ ....## #........
... #........ .. #).......
. #........ #........
#########


There were no monsters in sight!

Vanquished Creatures
  A black bear (D:4)
  A hound (D:4)
  An iguana (D:4)
  2 gnolls (D:4)
  2 adders (D:3)
  3 dart slugs
  2 ribbon worms
  4 orcs
  3 endoplasms
  2 giant cockroaches
  3 goblins (D:3)
  3 hobgoblins
  3 jackals (D:1)
  2 quokkas (D:1)
  4 ball pythons
  3 bats
  2 frilled lizards (D:1)
  8 kobolds
  5 rats
54 creatures vanquished.

Notes
Turn   | Place    | Note
-------+----------+-------------------------------------------
     0 | D:5      | zenocrate the Felid Delver began the quest for the Orb.
     0 | D:5      | Reached XP level 1. HP: 12/12 MP: 2/2
    16 | D:5      | Noticed Menkaure
    73 | D:4      | Noticed an iguana
   196 | D:4      | Reached XP level 2. HP: 7/16 MP: 3/3
   245 | D:4      | Noticed a black bear
   336 | D:4      | Found Miofy's Weapon Shop.
   377 | D:3      | Found a hide-covered altar of Uskayaw.
   481 | D:3      | Reached XP level 3. HP: 20/20 MP: 4/4
   655 | D:2      | Reached skill level 7 in Stealth
  1049 | D:1      | Found a faded altar of an unknown god.
  1167 | D:1      | Reached XP level 4. HP: 25/25 MP: 5/5
  1167 | D:1      | Gained a life (2 lives remaining)
  2069 | D:3      | Found a runed translucent door.
  2069 | D:3      | Noticed Sigmund
  2070 | D:3      | Noticed Crazy Yiuf
  2383 | D:4      | Reached XP level 5. HP: 19/29 MP: 6/6
  2448 | D:4      | Slain by a black bear
  2448 | D:4      | Lost a life (1 life remaining)
  2462 | D:4      | Killed a black bear
  2463 | D:4      | Reached skill level 1 in Shapeshifting
  2512 | D:4      | Gained mutation: You are covered in thick fur. (AC +2)
                  | [Felid growth]
  2512 | D:4      | Reached XP level 6. HP: 34/34 MP: 7/7
  2512 | D:4      | Quit the game

Illustrated notes

Levels and vault maps discovered:
D:1:      minmay_arrival_solitary_statue, layout_basic, basic_ecumenical_altar
D:2:      layout_basic
D:3:      layout_basic, nicolae_overflow_hidden_temple, serial_park_tiny_2,
          uniq_crazy_yiuf_cottage, uniq_sigmund
D:4:      layout_rooms, serial_shops, shop
D:5:      layout_cave_pools, mainiacjoe_overflow_two_lobes,
          minmay_temple_entry_tees, uniq_grinder, uniq_menkaure, uniq_duvessa,
          uniq_pikel

Skill      XL: |  1  2  3  4  5 |
---------------+----------------+-----
Dodging        | 3 4 |  4.3
Stealth        | 7 |  7.6
Fighting       | 4 |  4.7
Unarmed Combat | 3 |  3.2
Shapeshifting  | 1 |  1.1

Action                     |  1- 3 |  4- 6 || total
---------------------------+-------+-------++-------
  Melee: Unarmed           |    96 |    75 ||   171
         Bite              |     8 |     8 ||    16
    Use: Potion            |     1 |       ||     1
         Scroll            |     1 |    10 ||    11
   Stab: Sleeping          |     7 |     8 ||    15
         Distracted        |     1 |     1 ||     2
 Armour: Skin              |    22 |    23 ||    45
  Dodge: Dodged            |    86 |    74 ||   160

Table legend: (Time is in decaauts)
 A = Elapsed time spent in this place.
 B = Non-inter-level travel time spent in this place.
 C = Inter-level travel time spent in this place.
 D = Time resting spent in this place.
 E = Time spent auto-exploring this place.
 F = Levels seen in this place.
 G = Mean time per level.
                   A        B        C        D        E       F      G
               +--------+--------+--------+--------+--------+-----+--------+
         Total |   2484 |   2457 |     27 |      7 |   1890 |   5 |  496.8 |
       Dungeon |   2484 |   2457 |     27 |      7 |   1890 |   5 |  496.8 |
               +--------+--------+--------+--------+--------+-----+--------+

Top non-repeatable levels by time:
     D:3: 849 daAuts
     D:1: 650 daAuts
     D:2: 516 daAuts
     D:4: 437 daAuts
     D:5: 29 daAuts
